AoeStats
← karasangil

Arabian Desert

510725947Analyzed
1v1 RM · 14d ago on Oct 2, 2026· 19m 30s· 2 players
Game mode
Random Map
Map size
Tiny (2 player)
Population
200
Speed
Normal
Resources
Standard
Victory
Conquest
Starting age
Dark Age
Ending age
Imperial Age
RankedLock teamsTeams togetherTeam positionsShared explorationLock speedFull tech treeHidden civsTurbo modeCheats
Victory
Defeat
🇹🇷 Aztecs · Türkiye
1180
+16
vs
🇦🇷 Khmer · Argentina
1174
-16
Scorpio1303
3:51 Loom
11:25 Feudal Age
14:43 Castle Age
15:13 Stone Mining
karasangil
4:07 Loom
10:35 Feudal Age
11:03 Double-Bit Axe
13:16 Forging
19:51 Castle Age
19:01 Scale Mail Armor
Connection lost

Rejoining the realm…

Still unreachable

The connection could not be restored.

Session expired

The server has moved on; the page needs a fresh start.